 Dungeon Crawl Stone Soup version 0.32-a0-909-gc671339a80 (webtiles) character file.

Game seed: 17612074529609926318

247 GiantSquids the Chopper (level 5, -1/45 HPs)
             Began as a Mountain Dwarf Fighter on Apr 6, 2024.
             Was an Initiate of Makhleb.
             Slain by a gnoll
             ... wielding a +0 club
             ... led by a gnoll bouda
              (4 damage)
             ... on level 6 of the Dungeon.
             The game lasted 00:03:22 (1938 turns).

GiantSquids the Chopper (Mountain Dwarf Fighter)    Turns: 1938, Time: 00:03:22

Health: -1/45      AC: 11    Str: 21    XL:     5   Next: 85%
Magic:  5/5        EV:  5    Int:  8    God:    Makhleb [......]
Gold:   76         SH:  0    Dex:  9    Spells: 4/4 levels left

rFire   . . .        a - +0 war axe
rCold   . . .        (no shield)
rNeg    . . .        j - +0 plate armour
rPois   .            (no helmet)
rElec   .            (no cloak)
rCorr   .            (no gloves)
SInv    .            (no boots)
Will    .....        (no amulet) Stlth
                     (no ring)
HPRegen 0.27/turn    (no ring)
MPRegen 0.09/turn

%: no passive effects
@: no status effects
A: runic magic, artefact enchanting
a: Renounce Religion


You were on level 6 of the Dungeon.
You worshipped Makhleb.
Makhleb was noncommittal.
You visited 2 branches of the dungeon, and saw 5 of its levels.

You collected 76 gold pieces.

Inventory:

Hand Weapons
 a - a +0 war axe (weapon)
Missiles
 g - 33 stones (quivered)
Armour
 j - a +0 plate armour (worn)
Scrolls
 b - 3 scrolls of identify {unknown}
 c - 2 scrolls of blinking {unknown}
 e - 4 scrolls of immolation {unknown}
 f - 2 scrolls of amnesia {unknown}
 h - 2 scrolls of enchant weapon {unknown}
 i - a scroll of poison {unknown}
 k - a scroll of vulnerability {unknown}
 m - a scroll of fear {unknown}
Potions
 l - a potion of curing


   Skills:
 - Level 3.2 Fighting
 + Level 7.5 Axes
 - Level 3.2 Armour
 - Level 3.2 Shields


You had 4 spell levels left.
You didn't know any spells.
Your spell library contained the following spells:

 Spells                   Type           Power      Damage    Failure   Level
 Lesser Beckoning         Tloc           0%         N/A       82%         2
 Maxwell's Portable Pile  Tloc           0%         2d(5-13)  96%         3
 Teleport Other           Tloc           0%         N/A       96%         3


Dungeon Overview and Level Annotations

Branches:
Dungeon (6/15)             Temple (1/1) D:6

Altars:
Cheibriados
Dithmenos
Fedhas
Hepliaklqana
Makhleb
Nemelex Xobeh
Qazlal
Ru
Trog
Vehumet
Wu Jian
Xom
Zin
The Shining One

Shops:
D:1 *


Innate Abilities, Weirdness & Mutations

Your spellcasting is much less encumbered by armour.
You can use scrolls of enchantment on lesser artefacts.


Message History

There is a glowing silver altar of Zin here.
There is a snail-covered altar of Cheibriados here.
There is a shadowy altar of Dithmenos here.
There is a staircase back to the Dungeon, spattered with blood here.
You can't go down here!
You climb upwards.
Welcome back to the Dungeon!
The gnoll bouda shouts!
The gnoll hits you but does no damage. The ogre hits you with a +0 giant club.
The gnoll hits you but does no damage.
There is a staircase to the Ecumenical Temple here.
Okay, then.
Okay, then.
You slash the ogre!
The ogre is moderately wounded.
You slash the gnoll! You hit the bush. The ogre hits you with a +0 giant club!
The gnoll hits you but does no damage.
You barely miss the ogre.
The ogre is moderately wounded.
You barely miss the gnoll. You slash the bush!
The gnoll hits you but does no damage. The ogre hits you but does no damage.
You hit the ogre.
The ogre is moderately wounded.
You hit the bush but do no damage. You barely miss the gnoll.
The gnoll hits you but does no damage.
You closely miss the ogre.
The ogre is moderately wounded.
You hit the bush. You barely miss the gnoll.
The ogre hits you with a +0 giant club!!
Ouch! That really hurt!
* * * LOW HITPOINT WARNING * * *
A gnoll comes into view. It is wielding a +0 spear.
The gnoll hits you but does no damage.
The gnoll bouda barks out a call to the hunt!
The gnolls pick up the pace!
The gnoll shouts!
You hit the ogre.
The ogre is heavily wounded.
You barely miss the gnoll. You hit the bush but do no damage.
The gnoll hits you with a +0 club.
You die...

.........# #..........
.........# #.....#...#
.........# #.....###..
.........# #.....#####
.........#######........
#........'..............
#.......)P#####.........
#....!..P.# #.........
#####.g@O.# #.........
#.g...# #.........
#..P..# #.########
.....)## #.# .#######
#.# .g #


You could see an ogre, a gnoll bouda and 2 gnolls.

Vanquished Creatures
  A scorpion (Temple)
  Jessica (D:2)
  Terence (D:3)
  4 adders (D:2)
  4 ufetubi
  4 ribbon worms (D:2)
  6 ball pythons
  5 endoplasms
  2 giant cockroaches (D:2)
  7 goblins
  6 hobgoblins
  7 jackals
  10 kobolds
  A quokka (D:2)
  6 bats
  4 frilled lizards
  5 rats (D:1)
74 creatures vanquished.

Notes
Turn   | Place    | Note
-------+----------+-------------------------------------------
     0 | D:1      | GiantSquids the Mountain Dwarf Fighter began the quest for
                  | the Orb.
     0 | D:1      | Reached XP level 1. HP: 19/19 MP: 1/1
    79 | D:1      | Reached skill level 3 in Axes
   209 | D:1      | Reached XP level 2. HP: 22/26 MP: 2/2
   360 | D:1      | Reached skill level 4 in Axes
   427 | D:1      | Reached XP level 3. HP: 28/31 MP: 3/3
   591 | D:1      | Found Zanufav's Assorted Antiques.
   913 | D:2      | Reached skill level 5 in Axes
  1025 | D:2      | Reached XP level 4. HP: 38/38 MP: 4/4
  1274 | D:2      | Reached skill level 6 in Axes
  1386 | D:2      | Noticed Jessica
  1394 | D:2      | Killed Jessica
  1395 | D:2      | Reached XP level 5. HP: 38/45 MP: 5/5
  1546 | D:3      | Noticed Terence
  1565 | D:3      | Killed Terence
  1707 | D:3      | You fall into a shaft and drop 3 floors!
  1747 | D:6      | Noticed an ogre
  1767 | D:6      | Found a staircase to the Ecumenical Temple.
  1776 | Temple   | Entered the Ecumenical Temple
  1782 | Temple   | HP: 2/45 [poisoned by a scorpion]
  1785 | Temple   | Reached skill level 7 in Axes
  1803 | Temple   | Became a worshipper of Makhleb the Destroyer
  1938 | D:6      | Slain by a gnoll

Illustrated notes

Levels and vault maps discovered:
D:1:      dpeg_arrival_erosion, layout_basic, serial_shops, shop,
          lexackson_kobold_supper
D:2:      layout_rooms, uniq_jessica
D:3:      layout_basic, mainiacjoe_overflow_catwalk_spiral, kennysheep_potato,
          uniq_terence, uniq_ijyb
D:6:      layout_basic, minmay_temple_entry_overgrown, lightli_minifort,
          uniq_blork_the_orc
Temple:   nicolae_temple_ecumenical_triangle

Skill      XL: |  1  2  3  4  5 |
---------------+----------------+-----
Axes           | 3 4 5 6 7 |  7.5
Fighting       | |  3.2
Armour         | |  3.2
Shields        | |  3.2

Action                     |  1- 3 |  4- 6 || total
---------------------------+-------+-------++-------
  Melee: War axe           |   105 |    86 ||   191
    Use: Potion            |       |     2 ||     2
 Armour: Scale mail        |    54 |       ||    54
         Plate armour      |    69 |   160 ||   229
  Dodge: Dodged            |    69 |    44 ||   113
  Block: Buckler           |    12 |       ||    12

Table legend: (Time is in decaauts)
 A = Elapsed time spent in this place.
 B = Non-inter-level travel time spent in this place.
 C = Inter-level travel time spent in this place.
 D = Time resting spent in this place.
 E = Time spent auto-exploring this place.
 F = Levels seen in this place.
 G = Mean time per level.
                   A        B        C        D        E       F      G
               +--------+--------+--------+--------+--------+-----+--------+
         Total |   1988 |   1913 |     75 |    111 |   1326 |   5 |  397.6 |
       Dungeon |   1830 |   1771 |     59 |      0 |   1326 |   4 |  457.5 |
        Temple |    157 |    141 |     16 |    111 |      0 |   1 |  157.0 |
               +--------+--------+--------+--------+--------+-----+--------+

Top non-repeatable levels by time:
     D:1: 914 daAuts
     D:2: 673 daAuts
     D:3: 165 daAuts
  Temple: 157 daAuts
     D:6: 76 daAuts
